 Dungeon Crawl Stone Soup version 0.27-a0-1281-ge233d83751 (webtiles) character file.

Game seed: 13329734195918629236

207 deadmanwalking the Conjurer (level 5, 0/28 HPs)
             Began as a Deep Elf Conjurer on June 13, 2021.
             Was a Follower of Vehumet.
             Killed from afar by an orc wizard (6 damage)
             ... with a magic dart
             ... on level 4 of the Dungeon.
             The game lasted 00:08:15 (3359 turns).

deadmanwalking the Conjurer (Deep Elf Conjurer)     Turns: 3359, Time: 00:08:16

Health: 0/28       AC:  5    Str:  4    XL:     5   Next: 54%
Magic:  14/23      EV: 12    Int: 24    God:    Vehumet [*.....]
Gold:   111        SH:  0    Dex: 13    Spells: 4/14 levels left

rFire    + . .     SeeInvis .   (no weapon)
rCold    . . .     Faith    .   (no shield)
rNeg     . . .     Spirit   .   m - +2 robe {rF+}
rPois    .         Reflect  .   l - +0 helmet
rElec    .         Harm     .   (no cloak)
rCorr    .         Rampage  .   (no gloves)
Will     .....                  (no boots)
Stlth    ++........             (no amulet)
HPRegen  0.09/turn              e - ring of magical power
MPRegen  0.18/turn              (no ring)

@: no status effects
A: no striking features
a: Renounce Religion


You were on level 4 of the Dungeon.
You worshipped Vehumet.
Vehumet was aware of your devotion.
You visited 1 branch of the dungeon, and saw 4 of its levels.

You collected 111 gold pieces.

Inventory:

Missiles
 c - 73 arrows
 d - 27 sling bullets
 f - 8 boomerangs
 g - 132 stones
 j - 7 javelins
Armour
 l - a +0 helmet (worn)
 m - a +2 robe of fire resistance (worn)
Jewellery
 e - a ring of magical power (left hand)
Wands
 n - a wand of paralysis (10)
Scrolls
 o - a scroll of enchant armour
Potions
 a - a potion of flight {unknown}
 b - 2 potions of haste
 h - a potion of might
 i - a potion of degeneration {unknown}
 k - 2 potions of mutation


   Skills:
 - Level 2.4 Dodging
 - Level 2.4 Stealth
 + Level 5.3 Spellcasting
 + Level 5.7 Conjurations
 + Level 2.0 Hexes
 + Level 1.6 Summonings
 + Level 0.7 Earth Magic


You had 4 spell levels left.
You knew the following spells:

 Your Spells              Type           Power      Damage    Failure   Level
a - Magic Dart            Conj           100%       1d8       1%          1
b - Searing Ray           Conj           68%        3d5       1%          2
c - Fulminant Prism       Conj/Hex       12%        3d9       17%         4
d - Call Imp              Summ           14%        N/A       6%          2
e - Sandblast             Erth           20%        2d7       6%          1

Your spell library contained the following spells:

 Spells                   Type           Power      Damage    Failure   Level
 Summon Small Mammal      Summ           56%        N/A       4%          1
 Dazzling Flash           Conj/Hex       50%        N/A       5%          3
 Summon Guardian Golem    Hex/Summ       15%        N/A       12%         3
 Call Canine Familiar     Summ           14%        N/A       13%         3
 Iskenderun's Mystic Bla  Conj/Tloc      20%        2d6       26%         4
 Cause Fear               Hex            8%         N/A       36%         4
 Summon Ice Beast         Ice/Summ       10%        N/A       52%         4
 Summon Lightning Spire   Summ/Air       10%        N/A       52%         4
 Silence                  Hex/Air        5%         N/A       83%         5
 Yara's Violent Unravell  Hex/Tmut       5%         3d4       83%         5
 Discord                  Hex            8%         N/A       100%        8


Dungeon Overview and Level Annotations

Branches:
Dungeon (4/15)
 Temple: D:4-7

Altars:
Vehumet


Message History

2 orcs come into view.
The magic dart hits the orc!
You kill the orc!
Vehumet accepts your kill.
An orc priest comes into view. It is wielding a +0 hand axe.
The magic dart hits the orc.
The orc is lightly wounded.
The orc shouts!
The orc priest shouts!
You hear a shout!
The magic dart hits the orc.
The orc is heavily wounded.
The magic dart hits the orc.
The orc is heavily wounded.
The orc priest mumbles some strange prayers to Beogh against you.
Beogh smites you!
The magic dart hits the orc.
The orc is severely wounded.
The magic dart hits the orc.
The orc is almost dead.
The magic dart hits the orc.
You kill the orc!
Vehumet accepts your kill.
An orc wizard comes into view. It is wielding a +0 dagger.
The orc priest invokes the aid of Beogh against you.
Beogh smites you!
* * * LOW HITPOINT WARNING * * *
Casting: Magic Dart (safe; 1% risk of failure)
Confirm with . or Enter, or press ? or * to list all spells.
Aiming: Searing Ray (safe; 1% risk of failure)
Press: ? - help, Shift-Dir - straight line, f - orc priest
Aim: an orc priest, wielding a +0 hand axe and wearing a +0 leather armour (81% to hit)
The searing ray hits the orc priest!
The orc priest is heavily wounded. (Press . to maintain the ray.)
The searing ray hits the orc priest!
You kill the orc priest!
Vehumet accepts your kill.
Your Hexes skill increases to level 2!
The orc wizard points at you and mumbles some strange words.
The magic dart hits you.
You die...

###### ###
#####.##.####.#
#######.............#
........###....####.#
#+#####.# ####.# #.#
#.# #.# #.####
#@######.####.....
#.....##.......###
#)....########.###
+)....##......<...
#.....##.###....##
#.....# #......#
#.o...# #......#
#?....# #..##..#
#...).. .... ...#


You could see an orc wizard.

Vanquished Creatures
  An orc priest (D:4)
  Jessica (D:3)
  Robin (D:2)
  4 adders
  A gnoll (D:1)
  2 worms
  2 dart slugs (D:1)
  2 orcs (D:4)
  6 ball pythons
  7 bats
  9 endoplasms
  A giant cockroach (D:1)
  16 goblins
  6 hobgoblins
  3 jackals (D:2)
  8 kobolds
  2 quokkas
  2 frilled lizards
  6 rats
80 creatures vanquished.

Notes
Turn   | Place    | Note
-------+----------+-------------------------------------------
     0 | D:1      | deadmanwalking the Deep Elf Conjurer began the quest for
                  | the Orb.
     0 | D:1      | Reached XP level 1. HP: 10/10 MP: 6/6
   380 | D:1      | Reached XP level 2. HP: 15/15 MP: 2/8
   383 | D:1      | Learned a level 2 spell: Searing Ray
   510 | D:1      | Found a faded altar of an unknown god.
   711 | D:1      | Reached XP level 3. HP: 19/19 MP: 10/10
   812 | D:1      | Reached skill level 5 in Conjurations
  1659 | D:2      | Reached XP level 4. HP: 24/24 MP: 12/12
  1664 | D:2      | Learned a level 4 spell: Fulminant Prism
  1667 | D:2      | Learned a level 2 spell: Call Imp
  1727 | D:2      | Found a radiant altar of Vehumet.
  1735 | D:2      | Became a worshipper of Vehumet
  1861 | D:2      | Noticed Robin
  1876 | D:2      | Killed Robin
  1877 | D:2      | Reached skill level 1 in Hexes
  1882 | D:2      | Reached skill level 5 in Spellcasting
  2353 | D:3      | Noticed Jessica
  2364 | D:3      | Killed Jessica
  2365 | D:3      | Reached skill level 1 in Summonings
  2365 | D:3      | Reached XP level 5. HP: 28/28 MP: 14/14
  2368 | D:3      | Reached * piety under Vehumet
  2368 | D:3      | Offered knowledge of Sandblast by Vehumet.
  2371 | D:3      | Learned a level 1 spell: Sandblast
  3359 | D:4      | Killed from afar by an orc wizard

Illustrated notes

Levels and vault maps discovered:
D:1:      lordsloth_arrival_two_stooges, layout_basic,
          chequers_ecumenical_altar_grove, minivault_23, kennysheep_nondescript
D:2:      layout_basic, basic_altar, minmay_ruptured, uniq_robin
D:3:      layout_basic, grunt_ministairs_3, uniq_jessica
D:4:      layout_basic, minmay_quadrilaterals, uniq_grinder

Skill      XL: |  1  2  3  4  5 |
---------------+----------------+-----
Spellcasting   | 4 5 |  5.3
Conjurations   | 5 |  5.7
Hexes          | 1 2 |  2.0
Summonings     | 1 |  1.6
Dodging        | |  2.4
Stealth        | |  2.4
Earth Magic    | |  0.7

Action                   |  1- 3 |  4- 6 || total
-------------------------+-------+-------++-------
 Cast: Magic Dart        |    82 |    61 ||   143
       Searing Ray       |       |     6 ||     6
  Use: Scroll            |     2 |     5 ||     7
Armor: Robe              |     4 |     1 ||     5
Dodge: Dodged            |     4 |     2 ||     6

Table legend: (Time is in decaauts)
 A = Elapsed time spent in this place.
 B = Non-inter-level travel time spent in this place.
 C = Inter-level travel time spent in this place.
 D = Time resting spent in this place.
 E = Time spent auto-exploring this place.
 F = Levels seen in this place.
 G = Mean time per level.
                   A        B        C        D        E       F      G
               +--------+--------+--------+--------+--------+-----+--------+
         Total |   3363 |   3053 |    310 |     15 |   2696 |   4 |  840.8 |
       Dungeon |   3363 |   3053 |    310 |     15 |   2696 |   4 |  840.8 |
               +--------+--------+--------+--------+--------+-----+--------+

Top non-repeatable levels by time:
     D:1: 1344 daAuts
     D:2: 1062 daAuts
     D:3: 910 daAuts
     D:4: 45 daAuts
